 Dungeon Crawl Stone Soup version bcrawl-1.23.1 (webtiles) character file.

Game seed: 2737920188317156609

515 funkygono the Shield-Bearer (level 7, 0/55 HPs)
             Began as a Formicid Fighter on May 28, 2020.
             Was a Follower of Okawaru.
             Succumbed to a gnoll sergeant's poison
             ... on level 4 of the Dungeon.
             The game lasted 00:06:49 (3190 turns).

funkygono the Shield-Bearer (Formicid Fighter)      Turns: 3190, Time: 00:06:49

Health: 0/55       AC: 10    Str: 22    XL:     7   Next: 44%
Magic:  7/7        EV:  6    Int:  8    God:    Okawaru [*.....]
Gold:   337        SH: 10    Dex: 10    Spells: 6/6 levels left

rFire    x . .     SeeInvis +   a - +1 flail
rCold    + . .     Gourm    .   c - +0 medium shield
rNeg     + . .     Faith    .   k - +0 chain mail
rPois    .         Spirit   .   (helmet unavailable)
rElec    .         Reflect  .   (no cloak)
rCorr    .         Harm     .   n - +0 pair of gloves
MR       .....                  (no boots)
Stlth    ..........             (no amulet)
HPRegen  0.18/turn              f - ring of positive energy
MPRegen  0.10/turn              q - ring of ice

@: lethally poisoned (0 -> -19)
A: permanent stasis, dig shafts and tunnels, four strong arms, antennae 3
a: Dig, Shaft Self, Heroism, Renounce Religion


You were on level 4 of the Dungeon.
You worshipped Okawaru.
Okawaru was aware of your devotion.
You were not hungry.

You visited 1 branch of the dungeon, and saw 4 of its levels.

You collected 337 gold pieces.

Inventory:

Hand Weapons
 a - a +1 flail (weapon)
Missiles
 h - 1115 stones (quivered)
 i - a throwing net {!f}
Armour
 b - a +0 scale mail
 c - a +0 medium shield (worn)
 k - a +0 chain mail (worn)
 n - a +0 pair of gloves (worn)
Jewellery
 f - a ring of positive energy (left hand)
 q - a ring of ice (right hand)
Scrolls
 g - 2 scrolls of magic mapping
 o - 3 scrolls of identify
Potions
 d - 2 potions of might
 j - 2 potions of lignification
 l - a potion of mutation
 m - 2 potions of heal wounds
Comestibles
 e - 9 rations {!d}


   Skills:
 + Level 4.4 Fighting
 + Level 5.1 Maces & Flails
 + Level 4.6 Armour
 + Level 1.3 Dodging
 + Level 0.2 Stealth
 + Level 5.3 Shields


You had 6 spell levels left.
You didn't know any spells.
Your spell library was empty.

Dungeon Overview and Level Annotations

Branches:
Dungeon (4/12)
 Temple: D:4-7

Altars:
Dithmenos
Okawaru


Innate Abilities, Weirdness & Mutations

You cannot be hasted, slowed, berserked, paralysed or teleported.
You can dig through walls and to a lower floor.
Your four strong arms can wield two-handed weapons with a shield.
You have a pair of large antennae on your head. (SInv)


Message History

You hit the gnoll sergeant.
The gnoll sergeant is severely wounded.
* * * LOW HITPOINT WARNING * * *
You feel sick.
The gnoll sergeant hits you with a +0 spear of venom.
* * * LOW HITPOINT WARNING * * *
You are more poisoned.
You block the centaur skeleton's attack.
You hit the gnoll sergeant.
The gnoll sergeant is severely wounded.
* * * LOW HITPOINT WARNING * * *
You feel sick.
You block the centaur skeleton's attack.
The gnoll sergeant hits you with a +0 spear of venom.
* * * LOW HITPOINT WARNING * * *
The centaur skeleton barely misses you.
You thump the gnoll sergeant!
You kill the gnoll sergeant!
Okawaru accepts your kill.
You die...

..# .# ... ..# #.# ...
#.###.# #.#... ...
####.#.#.#..#
#...######............
#.......##)##.#.#.#...
#..........@Z.#.g.
#.....#.##.######.#
#..........######...
..................#.
..#............. . .
###.#####....# ##
#.### .##.# #...# # #
#...#


You could see a centaur skeleton.

Vanquished Creatures
  An ogre (D:4)
  A gnoll sergeant (D:4)
  A scorpion (D:4)
  2 hounds
  2 orc priests
  2 orc wizards (D:3)
  Robin (D:3)
  10 worms
  2 dart slugs
  5 leopard geckos
  11 orcs
  7 bats
  3 giant cockroaches
  5 goblins
  13 hobgoblins
  8 kobolds
  4 quokkas (D:3)
  3 ball pythons (D:1)
  8 frilled lizards
  7 rats
96 creatures vanquished.

Notes
Turn   | Place    | Note
-------+----------+-------------------------------------------
     0 | D:1      | funkygono the Formicid Fighter began the quest for the Orb.
     0 | D:1      | Reached XP level 1. HP: 18/18 MP: 1/1
    23 | D:1      | Reached XP level 2. HP: 24/24 MP: 2/2
   167 | D:1      | Reached XP level 3. HP: 29/30 MP: 3/3
   744 | D:2      | Reached XP level 4. HP: 20/37 MP: 4/4
   959 | D:2      | Found an iron altar of Okawaru.
   990 | D:2      | Became a worshipper of Warmaster Okawaru
  1344 | D:2      | Found a shadowy altar of Dithmenos.
  1704 | D:3      | Reached XP level 5. HP: 11/42 MP: 5/5
  1718 | D:3      | HP: 2/42 [orc (2)]
  1744 | D:3      | Reached skill level 1 in Dodging
  2140 | D:3      | Reached XP level 6. HP: 37/48 MP: 6/6
  2497 | D:3      | Noticed Robin
  2505 | D:3      | Killed Robin
  2813 | D:4      | Noticed an ogre
  2823 | D:4      | Killed an ogre
  2823 | D:4      | Reached * piety under Okawaru
  2823 | D:4      | Reached XP level 7. HP: 33/55 MP: 7/7
  2967 | D:4      | Reached skill level 5 in Shields
  2977 | D:4      | Reached skill level 5 in Maces & Flails
  3190 | D:4      | Succumbed to a gnoll sergeant's poison

Skill      XL: |  1  2  3  4  5  6  7 |
---------------+----------------------+-----
Shields        | 4 5 |  5.3
Fighting       | 4 |  4.4
Maces & Flails | 3 4 5 |  5.1
Dodging        | 1 |  1.3
Armour         | 4 |  4.6
Stealth        | |  0.2

Action                   |  1- 3 |  4- 6 |  7- 9 || total
-------------------------+-------+-------+-------++-------
Melee: Flail             |    99 |   179 |    39 ||   317
  Use: Scroll            |     2 |     5 |       ||     7
       Potion            |     1 |     2 |       ||     3
  Eat: Chunk             |       |     7 |     1 ||     8
Armor: Scale mail        |    73 |    48 |       ||   121
       Skin              |       |     4 |       ||     4
       Chain mail        |       |     7 |    20 ||    27
Dodge: Dodged            |    41 |    41 |    12 ||    94
Block: Medium shield     |    87 |    80 |    33 ||   200
